 Dungeon Crawl Stone Soup version 0.27.1-34-g3ba077fa99 (webtiles) character file.

Game seed: 9094817383670194431

56 sankara the Ruffian (level 3, 0/30 (33) HPs)
             Began as a Minotaur Monk on Jan 22, 2022.
             Slain by an orc (4 damage)
             ... on level 2 of the Dungeon.
             The game lasted 00:02:23 (1787 turns).

sankara the Ruffian (Minotaur Monk)                 Turns: 1787, Time: 00:02:24

HP:   0/30 (33)     AC:  8    Str: 15    XL:     3   Next: 69%
MP:   2/2           EV:  7    Int:  7    God:
Gold: 78            SH:  0    Dex: 13    Spells: 2/2 levels left

rFire    . . .     SeeInvis .     - Unarmed
rCold    . . .     Faith    .   (no shield)
rNeg     . . .     Spirit   .   e - +0 chain mail
rPois    .         Reflect  .   (helmet restricted)
rElec    .         Harm     .   (no cloak)
rCorr    .         Rampage  .   (no gloves)
Will     .....                  (no boots)
Stlth    ..........             l - amulet of magic regeneration
HPRegen  0.10/turn              (no ring)
MPRegen  0.33/turn              (no ring)

@: drained
A: horns 2, retaliatory headbutt
a: no special abilities


You were on level 2 of the Dungeon.
You visited 1 branch of the dungeon, and saw 3 of its levels.

You collected 78 gold pieces.

Inventory:

Missiles
 h - a stone (quivered)
Armour
 e - a +0 chain mail (worn)
Jewellery
 l - an amulet of magic regeneration (around neck)
Scrolls
 b - a scroll of immolation {unknown}
 i - a scroll of identify {unknown}
 m - a scroll of noise {unknown}
 n - a scroll of teleportation {unknown}
Potions
 a - a potion of ambrosia {unknown}
 c - a potion of mutation {unknown}
 d - a potion of flight {unknown}
 f - a potion of brilliance {unknown}
 g - a potion of heal wounds
 j - a potion of attraction {unknown}
 k - a potion of might {unknown}


   Skills:
 + Level 4.1 Fighting
 + Level 1.2 Armour
 + Level 3.7 Dodging
 - Level 1.5 Stealth
 * Level 4.2 Unarmed Combat


You had 2 spell levels left.
You didn't know any spells.
Your spell library contained the following spells:

 Spells                   Type           Power      Damage    Failure   Level
 Sandblast                Erth           0%         2d4       100%        1
 Passwall                 Tmut/Erth      0%         N/A       100%        2
 Lee's Rapid Deconstruct  Erth           0%         3d5*      100%        5


Dungeon Overview and Level Annotations

Branches:
Dungeon (3/15)

Altars:
Zin


Innate Abilities, Weirdness & Mutations

You have a pair of horns on your head.
You reflexively headbutt those who attack you in melee.


Message History

You are too injured to fight recklessly!
You are too injured to fight recklessly!
You are too injured to fight recklessly!
You are too injured to fight recklessly!
Unknown command.
The adder bites you.
* * * LOW HITPOINT WARNING * * *
You are poisoned.
The adder poisons you! The adder bites you but does no damage.
* * * LOW HITPOINT WARNING * * *
You feel sick.
The orc priest casts a cantrip, but nothing happens.
The orc hits you with a +2 flail of draining.
* * * LOW HITPOINT WARNING * * *
You feel drained.
* * * LOW HITPOINT WARNING * * *
It was a potion of heal wounds.
You feel much better.
You feel sick.
The orc priest invokes the aid of Beogh against you.
Beogh smites you!
Ouch! That really hurt!
The rat barely misses you. You furiously retaliate!
You headbutt the rat!
You kill the rat!
The orc hits you with a +0 hand axe.
* * * LOW HITPOINT WARNING * * *
The orc barely misses you.
You feel sick.
You feel sick. The orc hits you with a +0 hand axe.
* * * LOW HITPOINT WARNING * * *
There is a stone staircase leading up here.
You feel sick. The adder closely misses you.
The orc hits you with a +0 hand axe.
* * * LOW HITPOINT WARNING * * *
You climb upwards.
You feel sick.
You are no longer poisoned.
There is a stone staircase leading down here.
Unknown command.
You hit the adder. Your headbutt misses the adder.
The adder is moderately wounded.
The adder closely misses you. The orc hits you with a +0 hand axe.
You die...

..............##.........#
##....†..._.............[#
.....##......###.######..#
##.#.##....(.# #.# #..#
...#.##.###### #.# #..#
.###.##.########.# #..# .#
#.............# #..#
.########.#############..#
..##
#......o@S...##..#####
...###
############.##......#
.....# #.##.####.# ...#.##
#.#...###.#### ......##
#............. ..)..#.##
###...###..... ....###.##
##........## ##.###.#.##
######..... #.###.###.##
#)#.##


You could see an adder and an orc.

Vanquished Creatures
  An adder (D:2)
  2 orcs (D:3)
  9 ball pythons
  7 bats
  4 endoplasms
  2 giant cockroaches (D:1)
  3 goblins
  2 hobgoblins
  3 quokkas (D:1)
  2 frilled lizards
  4 kobolds
  3 rats
42 creatures vanquished.

Notes
Turn   | Place    | Note
-------+----------+-------------------------------------------
     0 | D:1      | sankara the Minotaur Monk began the quest for the Orb.
     0 | D:1      | Reached XP level 1. HP: 19/19 MP: 0/0
    82 | D:1      | Reached XP level 2. HP: 16/27 MP: 1/1
  1065 | D:2      | Reached XP level 3. HP: 33/33 MP: 2/2
  1238 | D:2      | Found a glowing silver altar of Zin.
  1442 | D:2      | Reached skill level 1 in Armour
  1781 | D:3      | HP: 1/30 [orc (1)]
  1787 | D:2      | Slain by an orc

Illustrated notes

Levels and vault maps discovered:
D:1:      amcnicky_arrival_gap_in_the_tavern_cellar, layout_loops_ring,
          minmay_surrounded
D:2:      layout_loops_ring, basic_altar
D:3:      layout_rooms, shapermc_ecumenical_altar_acropolis, uniq_jessica,
          uniq_sigmund, uniq_ijyb

Skill      XL: |  1  2  3 |
---------------+----------+-----
Fighting       | 4 |  4.1
Unarmed Combat | 4 |  4.2
Armour         | 1 |  1.2
Dodging        | |  3.7
Stealth        | |  1.5

Action                   || total
-------------------------++-------
Melee: Unarmed           ||    90
       Punch             ||     2
       Headbutt          ||    12
  Use: Potion            ||     1
Armor: Robe              ||     2
       Chain mail        ||    44
Dodge: Dodged            ||    45
